 Dungeon Crawl Stone Soup version 0.24-a0-445-gd5110b030a (webtiles) character file.

Game seed: 7488180107861680777

4343 Murumi the Blocker (level 10, -2/80 HPs)
             Began as a Formicid Fighter on June 22, 2019.
             Was an Elder of Cheibriados.
             Slain by a crocodile (7 damage)
             ... on level 8 of the Dungeon.
             The game lasted 00:39:31 (8951 turns).

Murumi the Blocker (Formicid Fighter)               Turns: 8951, Time: 00:39:31

Health: -2/80      AC: 15    Str: 37    XL:     10   Next: 59%
Magic:  13/13      EV: 10    Int: 16    God:    Cheibriados [****..]
Gold:   122        SH: 15    Dex: 21    Spells: 9/9 levels left

rFire    . . .     SeeInvis +   a - +1 long sword
rCold    . . .     Gourm    .   c - +1 shield
rNeg     . . .     Faith    .   t - +0 plate armour
rPois    .         Spirit   .   (helmet unavailable)
rElec    .         Reflect  .   n - +0 cloak
rCorr    .         Harm     .   (no gloves)
MR       +....                  (no boots)
Stlth    ..........             (no amulet)
HPRegen  0.23/turn              (no ring)
MPRegen  0.13/turn              (no ring)

@: mighty, very slow
A: permanent stasis, dig shafts and tunnels, four strong arms, antennae 3
a: Dig, Shaft Self, Bend Time, Temporal Distortion, Slouch, Renounce Religion


You were on level 8 of the Dungeon.
You worshipped Cheibriados.
Cheibriados was greatly pleased with you.
You were hungry.

You visited 2 branches of the dungeon, and saw 9 of its levels.
You also visited: Sewer and Ossuary.

You collected 452 gold pieces.
You spent 330 gold pieces at shops.

Inventory:

Hand Weapons
 a - a +1 long sword (weapon)
Missiles
 b - 31 poisoned darts
 g - 24 bolts
 h - 215 stones (quivered)
 p - 4 throwing nets
Armour
 c - a +1 shield (worn)
 n - a +0 cloak (worn)
 t - a +0 plate armour (worn)
Scrolls
 d - 2 scrolls of remove curse
 e - 2 scrolls of fear
 i - 6 scrolls of identify
 k - 5 scrolls of enchant armour
 r - a scroll of summoning
Potions
 j - 6 potions of curing
 l - a potion of resistance
 o - a potion of agility
 q - a potion of might
 s - a potion of cancellation
Comestibles
 f - 15 rations


   Skills:
 - Level 8.0 Fighting
 + Level 6.4 Long Blades
 - Level 8.2 Armour
 - Level 2.2 Dodging
 - Level 10.0 Shields
 - Level 5.1 Invocations


You had 9 spell levels left.
You didn't know any spells.
Your spell library contained the following spells:

 Spells                   Type           Power        Failure   Level  Hunger
 Flame Tongue             Conj/Fire      #....        80%         1    ##.....
 Throw Flame              Conj/Fire      #.....       91%         2    ###....
 Conjure Flame            Conj/Fire      #.......     99%         3    ####...
 Inner Flame              Hex/Fire       #.......     99%         3    ####...
 Sticky Flame             Conj/Fire      #.......     100%        4    #####..
 Fireball                 Conj/Fire      #.........   100%        5    ######.


Dungeon Overview and Level Annotations

Branches:
Dungeon (8/15)             Temple (1/1) D:4            Lair (0/6) D:8

Altars:
Ashenzari
Cheibriados
Dithmenos
Elyvilon
Fedhas
Gozag
Hepliaklqana
Kikubaaqudgha
Makhleb
Nemelex Xobeh
Okawaru
Qazlal
Ru
Sif Muna
Trog
Uskayaw
Vehumet
Wu Jian
Xom
Yredelemnul
Zin
The Shining One

Shops:
D:6 ?

Annotations:
D:5 1 runed translucent door, Renjy's ghost, novice DsSk


Innate Abilities, Weirdness & Mutations

You cannot be hasted, slowed, berserked, paralysed or teleported.
You can dig through walls and to a lower floor.
Your four strong arms can wield two-handed weapons with a shield.
You have a pair of large antennae on your head. (SInv)


Message History

The basilisk bites you but does no damage.
The basilisk gazes at you.
You easily resist.
The basilisk bites you.
* * * LOW HITPOINT WARNING * * *
The basilisk bites you but does no damage.
You turn to flesh and can move again.
You barely miss the basilisk.
The basilisk is almost dead.
The basilisk gazes at you.
You easily resist.
Unknown command.
You hit the basilisk.
You kill the basilisk!
Cheibriados thoroughly appreciates the change of pace.
You are feeling hungry.
You slash the crocodile!
The crocodile is moderately wounded.
The crocodile bites you!
You die...

### ... #.# . #.#
.P ######.# ..P
#......###### ....
##@.....# .....
###t#####.#.
>(....#.5Z..Z.....
..((.(.<..#####.#.
:.....###.# ..P.#
#.# .P. #.. . ....
.####


You could see a crocodile, a shadow imp and a hound skeleton.

Vanquished Creatures
  An elephant (D:8)
  A hippogriff (D:8)
  Sigmund (D:4)
  A basilisk (D:8)
  2 water moccasins (D:6)
  An orc warrior (D:6)
  2 sky beasts
  2 ice beasts
  4 ogres
  A black bear (D:6)
  3 phantoms
  2 centaurs
  A big kobold (D:5)
  4 bullfrogs
  A wyvern zombie (D:6)
  A wyvern skeleton (D:6)
  3 wights (D:7)
  A centaur zombie (Ossuary)
  5 crimson imps
  A bullfrog skeleton (D:4)
  A hound (D:8)
  2 human zombies (Ossuary)
  5 orc priests
  A centaur skeleton (D:6)
  An iguana (D:7)
  10 orc wizards
  6 worker ants
  2 mummies (Ossuary)
  A howler monkey zombie (D:5)
  14 adders
  8 gnolls
  12 oozes
  4 adder zombies
  2 worms
  21 leopard geckos
  21 orcs
  22 ball pythons
  8 bats
  21 giant cockroaches
  8 goblins
  10 hobgoblins
  15 jackals
  14 kobolds
  3 quokkas
  6 frilled lizards
  4 hobgoblin zombies (Ossuary)
  A jackal zombie (Ossuary)
  14 kobold zombies (Ossuary)
  A leopard gecko skeleton (D:6)
  10 orc zombies (Ossuary)
  11 rats
  2 rat zombies (Ossuary)
  2 bushes (D:5)
301 creatures vanquished.

Vanquished Creatures (others)
  A centaur zombie (Ossuary)
1 creature vanquished.

Grand Total: 302 creatures vanquished

Notes
Turn   | Place    | Note
-------+----------+-------------------------------------------
     0 | D:1      | Murumi the Formicid Fighter began the quest for the Orb.
     0 | D:1      | Reached XP level 1. HP: 18/18 MP: 1/1
   107 | D:1      | Reached skill level 1 in Dodging
   141 | D:1      | Reached XP level 2. HP: 23/24 MP: 2/2
   181 | D:1      | Reached skill level 4 in Shields
   383 | D:1      | Reached XP level 3. HP: 30/30 MP: 3/3
   702 | D:1      | Reached XP level 4. HP: 30/37 MP: 4/4
   779 | D:1      | Found a glowing golden altar of the Shining One.
  1621 | D:2      | Reached XP level 5. HP: 42/42 MP: 5/5
  2259 | D:3      | Found a glowing drain.
  2277 | Sewer    | Entered a sewer
  2409 | Sewer    | Reached skill level 5 in Shields
  2703 | Sewer    | Reached XP level 6. HP: 42/48 MP: 6/6
  3067 | Sewer    | Reached skill level 5 in Fighting
  3070 | Sewer    | Reached XP level 7. HP: 16/56 MP: 7/7
  3500 | Sewer    | Got an amethyst-encrusted ring mail
  3511 | Sewer    | Identified the +3 ring mail "Ratiatru" {rC+ rN+} (You found
                  | it in a sewer)
  3803 | D:3      | Reached skill level 5 in Armour
  4388 | D:4      | Reached skill level 6 in Shields
  4947 | D:4      | Noticed Sigmund
  4960 | D:4      | Killed Sigmund
  4960 | D:4      | Reached skill level 7 in Shields
  4960 | D:4      | Reached XP level 8. HP: 61/62 MP: 8/8
  4966 | D:4      | Found a staircase to the Ecumenical Temple.
  4972 | Temple   | Entered the Ecumenical Temple
  4989 | Temple   | Became a worshipper of Cheibriados the Contemplative
  5662 | D:5      | Entered Level 5 of the Dungeon
  5757 | D:5      | Reached skill level 1 in Invocations
  5926 | D:5      | Noticed Renjy's ghost (novice DsSk)
  5953 | D:5      | Found a runed translucent door.
  6003 | D:5      | Reached * piety under Cheibriados
  6238 | D:5      | Reached skill level 5 in Long Blades
  6574 | D:6      | Found a sand-covered staircase.
  6581 | Ossuary  | Entered an ossuary
  6626 | Ossuary  | Reached ** piety under Cheibriados
  6735 | Ossuary  | Reached XP level 9. HP: 67/69 MP: 11/11
  6837 | D:6      | Found Bosyem's Magic Scroll Boutique.
  6840 | D:6      | Bought a scroll of brand weapon for 300 gold pieces
  6840 | D:6      | Bought a scroll of noise for 15 gold pieces
  6840 | D:6      | Bought a scroll of random uselessness for 15 gold pieces
  6935 | D:6      | Reached *** piety under Cheibriados
  6945 | D:6      | Reached skill level 5 in Invocations
  6974 | D:6      | Reached skill level 8 in Shields
  7949 | D:6      | Reached XP level 10. HP: 75/79 MP: 13/13
  8089 | D:7      | Reached skill level 9 in Shields
  8302 | D:7      | Reached **** piety under Cheibriados
  8409 | D:7      | Reached skill level 10 in Shields
  8495 | D:7      | Found an ornate altar of the Wu Jian Council.
  8900 | D:8      | Found a staircase to the Lair.
  8900 | D:8      | Noticed an elephant
  8925 | D:8      | Killed an elephant
  8947 | D:8      | HP: 4/80 [basilisk (2)]
  8951 | D:8      | Slain by a crocodile

Levels and vault maps discovered:
D:1:      dpeg_arrival_prison, layout_rooms, tso_metal_star
D:2:      layout_loops_ring
D:3:      layout_basic, first_ration, gup_sewer_entry_pipe, minivault_4
D:4:      layout_basic, minmay_temple_entry_gardened_gates, uniq_sigmund
D:5:      layout_rooms, hellmonk_ghost_happy_afterlife, lexackson_kobold_supper
D:6:      hangedman_cross_stitches, layout_rooms,
          nicolae_ossuary_entry_monument, serial_shops, shop
D:7:      layout_loops_ring, kennysheep_little_box, serial_glass,
          glass_columns_b, glass_columns_c, glass_columns_a, glass_columns_a,
          glass_columns_b, grunt_ministairs_6, grunt_ogre_cave
D:8:      layout_loops_ring, david_lair_generic
Temple:   nicolae_temple_the_god_donut

Skill      XL: |  1  2  3  4  5  6  7  8  9 10 |
---------------+-------------------------------+-----
Dodging        | 1 2 |  2.2
Shields        | 4 5 7 8 10 | 10.0
Fighting       | 4 5 6 7 8 |  8.0
Armour         | 4 5 7 8 |  8.2
Long Blades    | 3 4 5 6 |  6.4
Invocations    | 3 5 |  5.1

Action                   |  1- 3 |  4- 6 |  7- 9 | 10-12 || total
-------------------------+-------+-------+-------+-------++-------
Melee: Long sword        |   117 |   317 |   377 |   110 ||   921
       Falchion          |       |       |   122 |       ||   122
Throw: Stone             |    34 |   163 |    93 |    23 ||   313
       Boomerang         |       |       |   121 |    14 ||   135
       Dart              |       |       |       |     7 ||     7
       Throwing net      |       |       |       |     1 ||     1
 Abil: Dig               |       |       |     9 |     5 ||    14
  Use: Scroll            |     3 |     1 |    10 |     2 ||    16
       Potion            |       |     1 |       |     1 ||     2
  Eat: Chunk             |       |     8 |    15 |     2 ||    25
Armor: Scale mail        |    44 |   142 |     1 |       ||   187
       Ring mail         |       |       |   139 |       ||   139
       Plate armour      |       |       |    16 |    53 ||    69
Dodge: Dodged            |    34 |   112 |   167 |    52 ||   365
Block: Shield            |    65 |   220 |    52 |    47 ||   384
       Buckler           |       |       |    90 |     5 ||    95
       Rpst.: Long sword |    11 |    26 |    50 |    10 ||    97
       Falchion          |       |       |     8 |       ||     8

Table legend:
 A = Non-vault XP
 B = Vault XP
 C = Vault XP percentage of total XP
 D = Non-vault monster count
 E = Vault monster count
 F = Vault count percentage of total count
                 A         B        C        D         E       F
            +---------+---------+-------+---------+---------+-------
      Total |    3413 |    2792 |  45.0 |     169 |     131 |  43.7
            +---------+---------+-------+---------+---------+-------
        D:1 |      88 |       5 |   5.4 |      40 |       3 |   7.0
        D:2 |      78 |       0 |   0.0 |      20 |       0 |   0.0
        D:3 |     129 |      20 |  13.4 |      27 |       8 |  22.9
        D:4 |     374 |     223 |  37.4 |      20 |       1 |   4.8
        D:5 |     492 |     101 |  17.0 |      18 |       8 |  30.8
        D:6 |     981 |     790 |  44.6 |      18 |       8 |  30.8
        D:7 |     990 |     134 |  11.9 |      23 |       2 |   8.0
        D:8 |     281 |     899 |  76.2 |       3 |       3 |  50.0
      Sewer |       0 |     368 | 100.0 |       0 |      59 | 100.0
    Ossuary |       0 |     252 | 100.0 |       0 |      39 | 100.0
            +---------+---------+-------+---------+---------+-------
